 Dungeon Crawl Stone Soup version 0.30-b1-2-g02819fbbbe (webtiles) character file.

Game seed: 18068427352834908440

1417221 ketsa the Metallomancer (level 27, 133/176 HPs)
             Began as a Gargoyle Earth Elementalist on May 14, 2023.
             Was the Champion of Vehumet.
             Escaped with the Orb
             ... and 3 runes on May 15, 2023!
             The game lasted 11:58:24 (108432 turns).

ketsa the Metallomancer (GrEE)                    Turns: 108432, Time: 11:58:24

Health: 133/176    AC: 39    Str: 17    XL:     27
Magic:  39/39      EV: 17    Int: 37    God:    Vehumet [******]
Gold:   4200       SH:  0    Dex: 15    Spells: 2/59 levels left

rFire   + + .        w - staff of fire
rCold   + . .        B - sphere of Battle
rNeg    + + .        I - +5 steam dragon scales
rPois   ∞            N - +0 hat "Inu Nirgh" {Str+6 Int+6 Dex-4}
rElec   +            o - +2 cloak {Will+}
rCorr   .            Q - +0 pair of gloves of the Saviour {Contam rN+ Int+2}
SInv    +            Z - +2 pair of boots "Muot" {Will+ SInv}
Will    +++++        a - amulet "Goez" {RegenMP Stlth+}
Stlth   ++           s - ring of Wygaddou {rElec rC+ Will+ Dex+3}
HPRegen 0.49/turn    l - ring of Reimbursement {Fly rF+ Dex+6}
MPRegen 0.66/turn

%: no passive effects
@: flying, studying Unarmed Combat
A: sickness immunity, AC +20, big wings, negative energy resistance 1,
electricity resistance, torment resistance 1, petrification resistance, low MP
1, weak 1
0: Orb of Zot
}: 3/15 runes: barnacled, slimy, gossamer
a: Renounce Religion


You escaped.
You worshipped Vehumet.
Vehumet was exalted by your worship.
You visited 13 branches of the dungeon, and saw 56 of its levels.
You also visited: Sewer and Wizlab.

You collected 8632 gold pieces.
You spent 4432 gold pieces at shops.

Inventory:

Hand Weapons
 P - the +10 quarterstaff "Guproeti" {elec, Will+ Dex+3 SInv}
   (You found it on level 3 of the Shoals)

   Dex:       It affects your dexterity (+3).
   SInv:      It lets you see invisible.
   Will:      It increases your willpower.
Missiles
 k - 20 silver javelins (quivered)
 O - 3 throwing nets
Armour
 o - a +2 cloak of willpower (worn)
 p - the +3 crown of Dyrovepreva {rElec Int+2 SInv}
   (You found it on level 1 of the Depths)

   Int:       It affects your intelligence (+2).
   rElec:     It insulates you from electricity.
   SInv:      It lets you see invisible.
 B - the sphere of Battle (worn)
   (You bought it in a shop on level 2 of the Elven Halls)

   It enhances your destructive magic.
   It weakens your non-destructive magic.
   It summons a battlesphere in combat, with strength depending on Conjurations
   skill.
 I - +5 steam dragon scales (worn)
 N - the +0 hat "Inu Nirgh" (worn) {Str+6 Int+6 Dex-4}
   (You found it on level 1 of the Depths)

   Str:       It affects your strength (+6).
   Int:       It affects your intelligence (+6).
   Dex:       It affects your dexterity (-4).
 Q - the +0 pair of gloves of the Saviour (worn) {Contam rN+ Int+2}
   (You acquired it on level 2 of the Lair of Beasts)

   Int:       It affects your intelligence (+2).
   rN:        It protects you from negative energy.
   Contam:    It causes magical contamination when unequipped.
 Z - the +2 pair of boots "Muot" (worn) {Will+ SInv}
   (You found it on level 4 of the Depths)

   SInv:      It lets you see invisible.
   Will:      It increases your willpower.
Magical Staves
 w - a staff of fire (weapon)
 y - the staff of earth "Hybb" {rC+ rCorr Str-5}
   (You took it off a necromancer on level 1 of the Depths)

   [staff of earth]

   Base accuracy: +5 Base damage: 5 Base attack delay: 1.2 This weapon's minimum
   attack delay (0.6) is reached at skill level 12.
   Str:       It affects your strength (-5).
   rC:        It protects you from cold.
   rCorr:     It protects you from acid and corrosion.
   It falls into the 'Staves' category.
   It is a one-handed weapon.
 L - a staff of conjuration
Jewellery
 a - the amulet "Goez" (around neck) {RegenMP Stlth+}
   (You acquired it on level 2 of the Elven Halls)

   [amulet of magic regeneration]

   It increases your rate of magic regeneration.
   Stlth:     It makes you more stealthy.
 g - the ring of Rationality {rF+ rC+ Will+ Str+4}
   (You acquired it on level 1 of the Crypt)

   [ring of willpower]

   Str:       It affects your strength (+4).
   rF:        It protects you from fire.
   rC:        It protects you from cold.
   Will:      It increases your willpower.
 j - the ring of Winter {Fly rF+ Dex+2}
   (You found it on level 4 of the Realm of Zot)

   [ring of flight]

   Dex:       It affects your dexterity (+2).
   rF:        It protects you from fire.
   Fly:       It grants you flight.
 l - the ring of Reimbursement (right hand) {Fly rF+ Dex+6}
   (You found it on level 5 of the Lair of Beasts)

   [ring of dexterity]

   Dex:       It affects your dexterity (+6).
   rF:        It protects you from fire.
   Fly:       It grants you flight.
 q - a ring of resist corrosion
 s - the ring of Wygaddou (left hand) {rElec rC+ Will+ Dex+3}
   (You found it in a sewer)

   [ring of protection from cold]

   Dex:       It affects your dexterity (+3).
   rC:        It protects you from cold.
   rElec:     It insulates you from electricity.
   Will:      It increases your willpower.
 v - a ring of wizardry
 x - an amulet of reflection
 D - a +6 ring of intelligence
Wands
 i - a wand of flame (108)
 A - a wand of digging (24)
 G - a wand of polymorph (27)
 H - a wand of mindburst (56)
 K - a wand of roots (47)
 U - a wand of charming (61)
 V - a wand of quicksilver (35)
Scrolls
 c - 2 scrolls of magic mapping
 m - 7 scrolls of teleportation
 n - 2 scrolls of enchant weapon
 r - 9 scrolls of fear
 t - 2 scrolls of fog
 u - a scroll of silence
 M - 5 scrolls of vulnerability
 T - a scroll of butterflies
 Y - 3 scrolls of poison
Potions
 b - 2 potions of berserk rage
 e - 11 potions of heal wounds
 f - 10 potions of might
 h - 29 potions of curing
 z - 7 potions of ambrosia
 C - 8 potions of haste
 E - 11 potions of brilliance
 F - 3 potions of cancellation
 J - 4 potions of invisibility
Miscellaneous
 d - a phial of floods
 R - a tin of tremorstones (2/2)
 S - a phantom mirror
 X - a piece from Xom's chessboard (15/15)


   Skills:
 - Level 19.0 Fighting
 - Level 5.6 Staves
 - Level 6.0 Armour
 - Level 10.0 Dodging
 - Level 10.0 Stealth
 - Level 16.7 Spellcasting
 + Level 24.7 Conjurations
 - Level 2.5 Hexes
 - Level 5.4 Summonings
 - Level 5.0 Necromancy
 - Level 4.6 Translocations
 - Level 6.1 Transmutations
 + Level 22.9 Fire Magic
 - Level 7.0 Air Magic
 + Level 25.1 Earth Magic
 - Level 8.0 Poison Magic
 - Level 12.7 Evocations


You had 2 spell levels left.
You knew the following spells:

 Your Spells              Type           Power      Damage    Failure   Level
a - Sandblast             Erth           100%       2d20      0%          1
b - Stone Arrow           Conj/Erth      100%       3d13      0%          3
c - Olgreb's Toxic Radia  Pois           94%        N/A       1%          4
d - Lee's Rapid Deconstr  Erth           72%        3d33*     0%          5
e - Iron Shot             Conj/Erth      72%        9d13      0%          6
f - Ignition              Fire           83%        3d21      1%          8
g - Starburst             Conj/Fire      84%        6d21      0%          6
h - Plasma Beam           Fire/Air       72%        2x1d97    1%          6
i - Conjure Ball Lightni  Conj/Air       61%        3x3d22    1%          6
j - Blink                 Tloc           64%        N/A       1%          2
k - Lehudib's Crystal Sp  Conj/Erth      72%        10d16     1%          8
l - Passwall              Tmut/Erth      54%        N/A       0%          2

Your spell library contained the following spells:

 Spells                   Type           Power      Damage    Failure   Level
 Fire Storm               Conj/Fire      84%        8d21      1%          9
 Chain Lightning          Conj/Air       61%        3d81      38%         9
 Maxwell's Capacitive Co  Air            45%        ∞         67%         8
 Foxfire                  Conj/Fire      100%       2x1d9     0%          1
 Kiss of Death            Conj/Necr      100%       2d13      0%          1
 Shock                    Conj/Air       100%       1d9       0%          1
 Momentum Strike          Conj/Tloc      100%       3d10      0%          2
 Scorch                   Fire           100%       2d9       0%          2
 Apportation              Tloc           64%        N/A       1%          1
 Freeze                   Ice            100%       1d10      1%          1
 Necrotise                Necr           100%       1d9       1%          1
 Sting                    Tmut/Pois      100%       1d8       1%          1
 Ensorcelled Hibernation  Hex/Ice        40%        N/A       1%          2
 Lesser Beckoning         Tloc           64%        N/A       1%          2
 Poisonous Vapours        Pois/Air       100%       N/A       1%          2
 Dazzling Flash           Conj/Hex       100%       N/A       0%          3
 Hailstorm                Conj/Ice       100%       3d20      0%          3
 Inner Flame              Hex/Fire       100%       N/A       0%          3
 Mephitic Cloud           Conj/Pois/Air  100%       N/A       0%          3
 Volatile Blastmotes      Fire/Tloc      100%       2d18      0%          3
 Flame Wave               Conj/Fire      100%       2d21      0%          4
 Fireball                 Conj/Fire      84%        3d31      0%          5
 Iskenderun's Battlesphe  Conj           100%       2d15      0%          5
 Call Canine Familiar     Summ           35%        N/A       1%          3
 Confusing Touch          Hex            24%        N/A       1%          3
 Frozen Ramparts          Ice            92%        1d14      1%          3
 Gell's Gravitas          Tloc           32%        N/A       1%          3
 Portal Projectile        Hex/Tloc       56%        N/A       1%          3
 Spider Form              Tmut/Pois      41%        N/A       1%          3
 Swiftness                Air            41%        N/A       1%          3
 Teleport Other           Tloc           32%        N/A       1%          3
 Tukima's Dance           Hex            24%        N/A       1%          3
 Airstrike                Air            45%        2d(7-23)  1%          4
 Animate Armour           Summ/Erth      100%       N/A       1%          4
 Animate Dead             Necr           33%        N/A       1%          4
 Dispel Undead            Necr           33%        3d14      1%          4
 Leda's Liquefaction      Hex/Erth       30%        N/A       1%          4
 Manifold Assault         Tloc           32%        N/A       1%          4
 Passage of Golubria      Tloc           32%        N/A       1%          4
 Petrify                  Tmut/Erth      65%        N/A       1%          4
 Alistair's Intoxication  Tmut/Pois      27%        N/A       1%          5
 Borgnjor's Vile Clutch   Necr/Erth      31%        N/A       1%          5
 Yara's Violent Unravell  Hex/Tmut       38%        3d15      1%          5
 Orb of Destruction       Conj           72%        9d17      1%          7
 Spellforged Servitor     Conj/Summ      59%        N/A       1%          7
 Anguish                  Hex/Necr       14%        N/A       2%          4
 Blade Hands              Tmut           19%        N/A       2%          5
 Eringya's Noxious Bog    Tmut/Pois      45%        N/A       2%          6
 Ozocubu's Armour         Ice            15%        N/A       3%          3
 Cause Fear               Hex            12%        N/A       3%          4
 Agony                    Necr           33%        N/A       3%          5
 Summon Forest            Summ/Tloc      17%        N/A       3%          5
 Silence                  Hex/Air        16%        N/A       4%          5
 Metabolic Englaciation   Hex/Ice        10%        N/A       19%         5
 Summon Cactus Giant      Summ           17%        N/A       19%         6
 Death Channel            Necr           16%        N/A       22%         6
 Dispersal                Tloc           16%        N/A       24%         6
 Storm Form               Tmut/Air       19%        N/A       52%         7
 Dragon Form              Tmut           19%        N/A       58%         7
 Malign Gateway           Summ/Tloc      17%        N/A       75%         7
 Ozocubu's Refrigeration  Ice            23%        4d12      89%         7
 Enfeeble                 Hex            12%        N/A       97%         7
 Discord                  Hex            12%        N/A       100%        8
 Disjunction              Tloc           16%        N/A       100%        8
 Summon Horrible Things   Summ           17%        N/A       100%        8
 Dragon's Call            Summ           17%        N/A       100%        9
 Cigotuvi's Dreadful Rot  Necr/Pois/Air  Unusable   N/A       N/A         2
 Statue Form              Tmut/Erth      Unusable   N/A       N/A         6

Dungeon Overview and Level Annotations

Branches:
Dungeon (15/15)            Temple (1/1) D:7            Lair (5/5) D:10
 Shoals (4/4) Lair:2       Spider (4/4) Lair:3        Slime (5/5) Lair:4
    Orc (2/2) D:11            Elf (3/3) Orc:2        Vaults (4/5) D:14
  Crypt (3/3) Vaults:2       Tomb (1/3) Crypt:3      Depths (4/4) D:15
    Zot (5/5) Depths:4      Sewer (visited)          WizLab (visited)

Altars:
Ashenzari
Cheibriados
Dithmenos
Elyvilon
Fedhas
Gozag
Hepliaklqana
Kikubaaqudgha
Makhleb
Nemelex Xobeh
Okawaru
Qazlal
Ru
Sif Muna
Trog
Uskayaw
Vehumet
Wu Jian
Xom
Yredelemnul
Zin
The Shining One

Shops:
D:4 (   Orc:1 :   Orc:2 ([:[   Elf:2 ?[(:   Elf:3 :   Shoals:2 *   Vaults:3 :
Vaults:4 :

Portals:
Hell: Depths:1 Depths:2 Depths:3 Depths:4
Abyss: Depths:3
Pandemonium: Depths:2 Depths:3
Ziggurat: Depths:4

Annotations:
D:5 exclusion: downstairs
D:8 1 exclusion
D:10 exclusion: door
D:11 exclusions: downstairs and 4 more exclusions
Lair:4 exclusion: downstairs
Shoals:1 exclusion: downstairs
Spider:3 exclusion: downstairs
Spider:4 3 runed translucent doors, Arcadio's ghost, adept MiFi; Ikly's ghost, journeyman GrFi; iishen's ghost, adept CeHu
Elf:1 6 runed translucent doors
Elf:2 exclusion: downstairs
Elf:3 8 runed translucent doors
Vaults:1 exclusion: 2 downstairs
Vaults:3 exclusion: downstairs
Crypt:2 exclusion: downstairs, Mennas
Crypt:3 3 runed translucent doors, Kucw's ghost, adept GrFi
Depths:4 2 transporters, Barug's ghost, adept TrMo
Zot:1 4 transporters
Zot:3 exclusion: downstairs


Innate Abilities, Weirdness & Mutations

You are immune to sickness and miasma.
Your stone body is resilient. (AC +20)
You are immune to poison.
Your large and strong wings let you fly.
You resist negative energy. (rN+)
You are resistant to electric shocks. (rElec)
You are resistant to unholy torment.
You are immune to petrification.
Your magical capacity is low. (-10% MP)
You are weak. (Str -2)


Message History

Your battlesphere fires!
The barrage of energy hits the kobold!
You kill the kobold!
Vehumet accepts your kill.
You feel your power returning.
You start resting.
Magic restored.
A Hell Sentinel comes into view.
Casting: Iron Shot (safe; 0% risk of failure)
Confirm with . or Enter, or press ? or * to list all spells.
Aiming: Iron Shot (safe; 0% risk of failure)
Press: ? - help, Shift-Dir - straight line, f - Hell Sentinel
Aim: a Hell Sentinel (98% to hit)
You feel a surge of power!
The iron shot hits the Hell Sentinel!!!
The Hell Sentinel is moderately wounded.
Your battlesphere fires!
The barrage of energy hits the Hell Sentinel but does no damage.
The Hell Sentinel is moderately wounded.
Casting: Iron Shot (safe; 0% risk of failure)
Confirm with . or Enter, or press ? or * to list all spells.
Aiming: Iron Shot (safe; 0% risk of failure)
Press: ? - help, Shift-Dir - straight line, f/p - Hell Sentinel
Aim: a Hell Sentinel (moderately wounded, ally target, 98% to hit)
You feel a surge of power!
The iron shot hits the Hell Sentinel!!!
The Hell Sentinel is severely wounded.
Your battlesphere fires!
The barrage of energy hits the Hell Sentinel!!
The Hell Sentinel is severely wounded.
Casting: Iron Shot (safe; 0% risk of failure)
Confirm with . or Enter, or press ? or * to list all spells.
Aiming: Iron Shot (safe; 0% risk of failure)
Press: ? - help, Shift-Dir - straight line, f/p - Hell Sentinel
Aim: a Hell Sentinel (severely wounded, ally target, 98% to hit)
You feel a surge of power!
The iron shot hits the Hell Sentinel!!!
You kill the Hell Sentinel!
Vehumet accepts your kill.
You feel your power returning.
You start resting.
Magic restored.
A Tzitzimitl comes into view.
You have escaped!

########.....###.############.†..
# #..#######.## ###..# ##.##
#....####...####....# #.##
##....1#..~..#.....## #...
#8..~....~....~..8# ###.##
##...~..~~~..~...## #.....
##.....~~~~~~~.....###.....
#....~~~~...~~~~....##..... #
#..~~~~~..@..~~~~~..##..... ##
#....~~~~.*.~~~~....##.....
.#######.....~~~~~~~.....###.....
..#...###...~..~~~..~...####.....
#...#.##8..~....~....~..8#.......
#......#.....#..~..#..)..#.......
#.##..#....####...####..........K
..#.#.#..#######.#######..##..[..
#.#....................#...#.....


You could see a Tzitzimitl and a friendly battlesphere.

Vanquished Creatures
  the Royal Jelly (Slime:5)
  Dissolution (Slime:3)
  7 dread liches
  4 orbs of fire
  7 ancient liches
  Mara (Spider:3)
  A juggernaut (D:15)
  A royal mummy (Crypt:3)
  Sojobo (Crypt:3)
  Frederick (Vaults:2)
  9 Killer Klowns
  A caustic shrike (Depths:3)
  Xtahua (Vaults:2)
  2 curse toes
  9 golden dragons
  A Tzitzimitl (Zot:1)
  7 electric golems
  A shard shrike skeleton (Crypt:3)
  Jorgrun (Shoals:1)
  14 tentacled monstrosities
  An Ice Fiend (D:1)
  Rupert (Spider:1)
  2 walking crystal tomes (Zot:4)
  2 Hell Sentinels
  26 Orb Guardians
  6 liches
  A walking frostbound tome (Zot:4)
  3 deep elf blademasters
  3 walking divine tomes
  18 acid blobs
  2 deep elf master archers (Elf:3)
  A titan (Shoals:4)
  2 krakens
  15 quicksilver dragons
  9 sphinxes
  5 ancient champions
  An Executioner (D:14)
  5 death cobs
  Polyphemus (Shoals:2)
  8 tengu reavers
  12 rockslimes
  Donald (Vaults:4)
  9 shadow dragons
  19 storm dragons
  3 draconian knights
  19 azure jellies
  A revenant (Crypt:3)
  6 draconian monks
  4 draconian scorchers
  3 narguns (Zot:4)
  6 deep elf sorcerers
  Roxanne (Shoals:1)
  3 emperor scorpions
  11 ghost moths
  8 fire giants
  12 vault wardens
  4 iron dragons
  2 balrugs (Depths:3)
  6 ghouls
  6 curse skulls
  A caustic shrike zombie (Depths:1)
  10 frost giants
  7 draconian shifters
  Aizul (Vaults:1)
  Louise (Elf:2)
  6 draconian annihilators
  5 deep elf elementalists (Elf:3)
  5 draconian stormcallers
  3 broodmothers
  8 spriggan defenders
  2 orc warlords
  4 reapers (Crypt:3)
  23 very ugly things
  12 ironbound preservers
  9 quicksilver oozes
  A war gargoyle (Vaults:4)
  8 ironbound thunderhulks
  19 stone giants
  9 deep elf demonologists
  10 vampire knights
  4 deep elf annihilators (Elf:3)
  4 green draconians
  13 dire elephants
  4 spark wasps
  2 demonspawn black suns (Zot:1)
  2 lorocyprocas
  11 black draconians
  10 red draconians
  5 yellow draconians
  29 purple draconians
  6 eidola
  10 white draconians
  2 crystal guardians
  14 deep elf death magi
  9 merfolk javelineers
  8 jiangshi
  14 fire dragons
  11 ettins
  3 mummy priests (Crypt:3)
  8 yaktaur captains
  5 deep elf high priests
  11 great orbs of eyes
  A spectral kraken (Shoals:1)
  4 entropy weavers
  10 merfolk impalers
  5 hydras
  13 vault guards
  3 rakshasas
  Erolcha (D:13)
  A jorogumo (Spider:2)
  2 ghost crabs (Shoals:1)
  Erica (Orc:1)
  7 ice dragons
  9 ironbound frosthearts
  3 catoblepae
  2 peacekeepers
  3 ogre magi
  2 spriggan air magi
  3 merfolk avatars
  3 spriggan skeletons
  9 boulder beetles
  10 centaur warriors
  4 merfolk aquamancers
  2 death knights
  9 two-headed ogres
  An alligator snapping turtle (Shoals:3)
  27 dancing weapons
  5 satyrs
  2 radroaches
  2 death yaks (Shoals:2)
  12 deep troll shamans
  10 tengu warriors
  7 vampire magi
  A quicksilver ooze zombie (Crypt:2)
  14 deep troll earth magi
  4 spriggan berserkers
  4 large abominations (Elf:2)
  Urug (D:13)
  2 soul eaters
  An orc high priest (Elf:1)
  11 hell knights
  5 skysharks
  Sonja (D:12)
  12 skeletal warriors
  6 pharaoh ants
  4 shadow wraiths
  11 iron trolls
  21 deep elf knights
  2 salamander mystics
  A goliath frog (shapeshifter) (Vaults:1)
  A death drake (shapeshifter) (Depths:1)
  4 sixfirhies
  An iron giant zombie (Crypt:2)
  Lodul (D:13)
  8 glowing orange brains
  39 deep trolls
  A cherub (Zot:1)
  A sun moth (Spider:4)
  9 orb spiders
  2 anaconda zombies
  10 sea snakes
  An orange crystal statue (Zot:2)
  8 steelbarb worms
  7 flayed ghosts
  13 deep elf archers
  A tengu zombie (Depths:1)
  10 wizards
  6 orc knights
  9 bog bodies
  29 deep elf pyromancers
  20 deep elf zephyrmancers
  An obsidian statue (Zot:2)
  11 harpies
  6 phantasmal warriors
  16 ironbound convokers
  A sphinx zombie (Crypt:2)
  8 salamanders
  4 orc sorcerers
  12 necromancers
  4 lindwurms
  19 wolf spiders
  18 manticores
  14 fauns
  6 shining eyes
  A frost giant zombie (Depths:1)
  4 oklob plants (Zot:2)
  34 ugly things
  27 moths of wrath
  6 cyclopes
  An iron dragon zombie (Crypt:1)
  A manticore (shapeshifter) (Depths:4)
  8 demonic crawlers
  11 vault sentinels
  A stone giant skeleton (Vaults:1)
  3 human skeletons
  3 eyes of devastation
  A black mamba (shapeshifter) (D:12)
  4 black mambas
  A centaur zombie (D:15)
  An elephant slug zombie (Crypt:1)
  A toenail golem (D:7)
  Maurice (D:12)
  A molten gargoyle (D:13)
  4 torpor snails
  13 elephants
  15 water nymphs
  2 naga magi (D:15)
  An eye of devastation (shapeshifter) (Depths:3)
  11 cane toads
  3 centaur skeletons
  A spectral sea snake (Shoals:1)
  10 merfolk sirens
  A smoke demon (Depths:3)
  A gargoyle (D:11)
  A naga skeleton (Crypt:3)
  A kobold demonologist (D:14)
  2 unseen horrors
  A hellion (WizLab)
  7 rime drakes
  A dire elephant skeleton (Crypt:3)
  28 yaktaurs
  3 efreet
  A yellow draconian zombie (Crypt:3)
  A swamp worm zombie (Crypt:3)
  28 guardian mummies (Crypt:3)
  2 ice devils (Depths:3)
  7 freezing wraiths
  7 komodo dragons
  3 spectral merfolk (Shoals:1)
  A tormentor (Depths:3)
  A tengu conjurer (Depths:4)
  A hydra zombie (Crypt:1)
  6 polar bears
  A queen bee (shapeshifter) (Depths:1)
  2 harpy zombies
  9 wind drakes
  10 meliai
  Grinder (D:6)
  A troll (shapeshifter) (Elf:1)
  7 trolls
  A hellwing (WizLab)
  14 blink frogs
  32 merfolk
  13 tarantellas
  16 hornets
  A radroach zombie (Crypt:1)
  A harpy skeleton (Crypt:2)
  A deep troll zombie (Vaults:1)
  9 dream sheep
  11 snapping turtles
  139 slime creatures
  38 jumping spiders
  An ettin zombie (Crypt:1)
  10 flying skulls (Crypt:2)
  A centaur simulacrum (D:15)
  28 culicivoras
  3 ynoxinuls
  8 air elementals
  2 fire dragon skeletons
  20 spriggans
  2 wyverns
  A deep troll skeleton (Vaults:2)
  32 water elementals
  A wind drake zombie (Crypt:3)
  2 shadows
  5 humans (D:14)
  38 yaks
  6 wraiths
  3 basilisks
  8 fire elementals
  10 ushabtiu (Crypt:3)
  6 golden eyes
  3 chaos spawn (WizLab)
  A neqoxec (Depths:3)
  2 steam dragons
  67 redbacks
  An elf skeleton (Vaults:2)
  Eustachio (D:6)
  Menkaure (D:6)
  7 wargs
  2 acid dragons
  A demonspawn zombie (Crypt:2)
  13 vampire mosquitoes
  Edmund (D:6)
  16 water moccasins
  32 orc warriors
  A merfolk skeleton (Crypt:1)
  An orc zombie (Vaults:1)
  3 black bears
  3 ice beasts (D:6)
  A boggart (shapeshifter) (Depths:1)
  17 boggarts
  13 centaurs
  17 ogres
  11 wolves
  A small abomination (Depths:4)
  9 kobold brigands
  A phantom (D:6)
  A vine stalker zombie (Crypt:3)
  A salamander zombie (Crypt:1)
  Blork the orc (D:6)
  5 elf zombies
  16 bullfrogs
  A yaktaur skeleton (Crypt:2)
  A gnoll sergeant (D:6)
  2 scorpions (D:5)
  14 wights
  A wyvern skeleton (Crypt:2)
  A shapeshifter zombie (Crypt:3)
  16 killer bees
  3 howler monkeys (D:7)
  8 electric eels
  4 lava snakes (D:13)
  3 gnoll boudas
  3 jellies
  A hound (D:5)
  A human zombie (Crypt:1)
  22 orc priests
  4 iguanas
  3 lightning spires (Zot:2)
  20 orc wizards
  An ice beast zombie (Crypt:2)
  An acid dragon zombie (Crypt:3)
  9 mummies
  11 gnolls
  7 adders
  3 white imps (D:7)
  An ufetubus (D:5)
  An iguana skeleton (Crypt:2)
  A lava snake skeleton (Crypt:3)
  2 worms
  3 dart slugs
  85 orcs
  18 endoplasms
  10 giant cockroaches
  A goblin (D:3)
  10 hobgoblins
  6 jackals
  13 quokkas
  16 ball pythons
  A ball python zombie (Crypt:2)
  10 bats
  11 frilled lizards
  29 kobolds
  10 rats
2609 creatures vanquished.

Vanquished Creatures (collateral kills)
  A slime creature (D:12)
  A gnoll sergeant (D:12)
2 creatures vanquished.

Vanquished Creatures (others)
  A draconian monk (Zot:2)
  A vault guard (D:14)
  A centaur warrior (Vaults:1)
  A tarantella (Spider:2)
  A vampire mosquito (D:12)
  71 ball lightnings
  52 fungi
  99 plants
  16 tentacles
  64 withered plants
307 creatures vanquished.

Grand Total: 2918 creatures vanquished

Notes
Turn   | Place    | Note
-------+----------+-------------------------------------------
     0 | D:1      | ketsa the Gargoyle Earth Elementalist began the quest for
                  | the Orb.
     0 | D:1      | Reached XP level 1. HP: 10/10 MP: 3/3
   154 | D:1      | Reached skill level 1 in Transmutations
   219 | D:1      | Reached XP level 2. HP: 15/15 MP: 3/5
   600 | D:1      | Reached skill level 4 in Earth Magic
   626 | D:1      | Reached XP level 3. HP: 19/19 MP: 2/6
  1451 | D:2      | Reached XP level 4. HP: 24/24 MP: 5/8
  2353 | D:3      | Found a glowing drain.
  2357 | Sewer    | Entered a sewer
  2984 | Sewer    | Reached skill level 5 in Earth Magic
  2998 | Sewer    | Reached XP level 5. HP: 28/28 MP: 6/9
  3281 | Sewer    | Reached skill level 6 in Earth Magic
  3281 | Sewer    | Reached XP level 6. HP: 23/32 MP: 2/12
  3371 | Sewer    | Identified the ring of Wygaddou {rElec rC+ Will+ Dex+3}
  3385 | Sewer    | Learned a level 3 spell: Stone Arrow
  4503 | D:4      | Found a snail-covered altar of Cheibriados.
  4664 | D:4      | Found Totwure's Weapon Boutique.
  5243 | D:4      | Reached skill level 1 in Conjurations
  5643 | D:5      | Entered Level 5 of the Dungeon
  5682 | D:5      | Reached XP level 7. HP: 26/36 MP: 10/13
  5768 | D:5      | Found an ancient bone altar of Kikubaaqudgha.
  6436 | D:5      | Reached skill level 5 in Conjurations
  6493 | D:5      | Identified the +1 ring mail of the Nexus {rF+ Will+ Regen+}
  6819 | D:6      | Noticed Grinder
  6892 | D:6      | Reached XP level 8. HP: 41/41 MP: 7/14
  7021 | D:6      | Reached skill level 7 in Earth Magic
  7571 | D:6      | Reached skill level 1 in Fighting
  7726 | D:6      | Reached skill level 1 in Armour
  8295 | D:6      | Noticed Menkaure
  8454 | D:7      | Reached XP level 9. HP: 49/49 MP: 5/15
  9208 | D:7      | Found a staircase to the Ecumenical Temple.
  9567 | D:7      | Identified the +2 helmet of the Equator {Str+6 Int-3
                  | Slay+2}
  9974 | D:7      | Reached skill level 5 in Stealth
 10702 | Temple   | Entered the Ecumenical Temple
 11100 | Temple   | Became a worshipper of Vehumet
 11461 | D:9      | Reached skill level 1 in Staves
 11551 | D:9      | Reached skill level 5 in Fighting
 12137 | D:8      | Reached skill level 5 in Spellcasting
 12138 | D:8      | Reached XP level 10. HP: 59/59 MP: 2/17
 12583 | D:9      | Reached skill level 1 in Poison Magic
 12642 | D:9      | Noticed a wizard
 13437 | D:9      | Noticed a two-headed ogre
 13442 | D:9      | Killed a two-headed ogre
 13587 | D:9      | Reached * piety under Vehumet
 13587 | D:9      | Offered knowledge of Kiss of Death by Vehumet.
 14295 | D:9      | Reached skill level 5 in Poison Magic
 14304 | D:9      | Learned a level 4 spell: Olgreb's Toxic Radiance
 14936 | D:9      | Reached XP level 11. HP: 66/66 MP: 9/20
 15015 | D:10     | Entered Level 10 of the Dungeon
 15486 | D:10     | Reached skill level 8 in Earth Magic
 15656 | D:10     | Found a staircase to the Lair.
 15665 | D:10     | Noticed a two-headed ogre
 15671 | D:10     | Killed a two-headed ogre
 16032 | Lair:1   | Entered Level 1 of the Lair of Beasts
 16552 | D:11     | Noticed an ogre mage
 16618 | D:11     | Noticed a boulder beetle
 16646 | D:11     | Noticed a four-headed hydra
 16651 | D:11     | Noticed a cyclops
 17624 | Lair:1   | Offered knowledge of Poisonous Vapours by Vehumet.
 17625 | Lair:1   | Reached skill level 9 in Earth Magic
 17802 | Lair:1   | Reached skill level 5 in Evocations
 17911 | Lair:1   | Reached ** piety under Vehumet
 18380 | Lair:2   | Identified a scroll of acquirement
 18380 | Lair:2   | Acquired the +0 pair of gloves of the Saviour {Contam rN+
                  | Int+2}
 18403 | Lair:2   | Reached XP level 12. HP: 72/72 MP: 11/22
 18683 | Lair:2   | Reached skill level 10 in Earth Magic
 18842 | Lair:2   | Found a staircase to the Shoals.
 18987 | Lair:2   | Reached skill level 10 in Conjurations
 19281 | Shoals:1 | Entered Level 1 of the Shoals
 19281 | Shoals:1 | Noticed Roxanne
 19616 | Lair:2   | You fall into a shaft and drop 2 floors!
 19616 | Lair:4   | Noticed a skyshark
 19648 | Lair:5   | Entered Level 5 of the Lair of Beasts
 19700 | Lair:4   | Identified the +1 falchion "Taocwia" {pain, rElec Int+2}
 20273 | Lair:3   | Found a hole to the Spider Nest.
 20686 | Lair:3   | Offered knowledge of Dazzling Flash by Vehumet.
 21698 | Lair:4   | Reached skill level 5 in Armour
 21864 | Lair:4   | Noticed a skyshark
 22252 | Lair:4   | Killed a skyshark
 22253 | Lair:4   | Reached skill level 5 in Transmutations
 22327 | Lair:4   | Noticed a boulder beetle
 22406 | Lair:4   | Killed a boulder beetle
 22406 | Lair:4   | Reached *** piety under Vehumet
 22845 | D:11     | Noticed a tengu warrior
 22938 | D:11     | Killed an ogre mage
 22995 | D:11     | Killed a tengu warrior
 22996 | D:11     | Reached skill level 5 in Dodging
 23202 | D:11     | Killed a boulder beetle
 23203 | D:11     | Reached XP level 13. HP: 71/78 MP: 12/23
 23643 | D:11     | Found a staircase to the Orcish Mines.
 23695 | D:11     | Acquired 674 gold pieces
 24230 | D:12     | Noticed Maurice
 24250 | Orc:1    | Entered Level 1 of the Orcish Mines
 24260 | Orc:1    | Offered knowledge of Inner Flame by Vehumet.
 24269 | Orc:1    | Reached skill level 11 in Earth Magic
 26008 | Orc:1    | Reached **** piety under Vehumet
 26220 | Orc:1    | Noticed Erica
 26262 | Orc:1    | Killed Erica
 26349 | Orc:2    | Entered Level 2 of the Orcish Mines
 26544 | Orc:1    | Found Hufae's Self-Improvement Boutique.
 27343 | Orc:2    | Noticed an ettin
 27576 | Orc:2    | Offered knowledge of Mephitic Cloud by Vehumet.
 28131 | Orc:2    | Found Siddya's Book Emporium.
 28141 | Orc:2    | Bought a book of Power for 588 gold pieces
 28145 | Orc:2    | Learned a level 3 spell: Mephitic Cloud
 28152 | Orc:2    | Learned a level 6 spell: Iron Shot
 28158 | Orc:2    | Learned a level 5 spell: Iskenderun's Battlesphere
 28426 | Orc:2    | Noticed an orc warlord
 28457 | Orc:2    | Killed an orc warlord
 28911 | Orc:2    | Found Rathyl's Armour Shoppe.
 28917 | Orc:2    | Bought a +1 pair of boots for 126 gold pieces
 29112 | Orc:2    | Killed an ettin
 29334 | Orc:2    | Gained mutation: Your large and strong wings let you fly.
                  | [Gargoyle growth]
 29334 | Orc:2    | Reached XP level 14. HP: 82/84 MP: 22/24
 29416 | Orc:2    | Found a staircase to the Elven Halls.
 29428 | Elf:1    | Entered Level 1 of the Elven Halls
 29763 | Orc:2    | Found Xoyggilo's Antique Armour Shop.
 29766 | Orc:2    | Found Eqautejao's Antique Weapon Boutique.
 29786 | Orc:2    | Bought an embroidered cloak for 217 gold pieces
 29793 | Orc:2    | Bought a pair of glowing boots for 217 gold pieces
 30242 | Lair:4   | Found a runed translucent door.
 30245 | Lair:4   | Found a staircase to the Slime Pits.
 30256 | Lair:4   | Reached ***** piety under Vehumet
 30673 | Lair:4   | Offered knowledge of Airstrike by Vehumet.
 33654 | Lair:5   | Identified the ring of Reimbursement {Fly rF+ Dex+6}
 34573 | D:12     | Reached skill level 12 in Earth Magic
 34703 | D:12     | Noticed Sonja
 34708 | D:12     | Killed Sonja
 34865 | D:12     | Killed Maurice
 34952 | D:12     | Reached XP level 15. HP: 90/90 MP: 20/28
 35222 | D:12     | Reached skill level 10 in Spellcasting
 35245 | D:12     | Found a runed translucent door.
 35499 | D:13     | Noticed Erolcha
 35716 | D:13     | Noticed Urug
 35761 | D:13     | Noticed Lodul
 35780 | D:13     | Killed Lodul
 35785 | D:13     | Killed Urug
 35925 | D:13     | Killed Erolcha
 36111 | D:13     | Offered knowledge of Starburst by Vehumet.
 36119 | D:13     | Learned a level 6 spell: Starburst
 36500 | D:13     | Reached skill level 1 in Fire Magic
 38099 | D:14     | Found a gate to the Vaults.
 38641 | D:15     | Entered Level 15 of the Dungeon
 38662 | D:15     | Reached skill level 5 in Fire Magic
 39322 | D:15     | Reached skill level 15 in Conjurations
 39449 | D:15     | Found a staircase to the Depths.
 39459 | Depths:1 | Entered Level 1 of the Depths
 40017 | Depths:2 | Found a one-way gate leading to the halls of Pandemonium.
 40246 | Spider:1 | Entered Level 1 of the Spider Nest
 40282 | Lair:3   | Reached skill level 1 in Necromancy
 40717 | Lair:3   | Offered knowledge of Ozocubu's Refrigeration by Vehumet.
 40721 | Lair:3   | Reached XP level 16. HP: 92/96 MP: 20/31
 41192 | Spider:1 | Noticed Rupert
 41199 | Spider:1 | Killed Rupert
 42441 | Orc:1    | Bought a manual of Fire Magic for 1280 gold pieces
 42613 | Shoals:1 | Killed Roxanne
 42976 | Shoals:1 | You are sucked into a shaft and drop 1 floor!
 42976 | Shoals:2 | Noticed Polyphemus
 43513 | Shoals:1 | Noticed Jorgrun
 43519 | Shoals:1 | Killed Jorgrun
 44988 | Shoals:2 | Killed Polyphemus
 45467 | Shoals:2 | Noticed a kraken
 45479 | Shoals:2 | Killed a kraken
 46132 | Shoals:2 | Reached skill level 13 in Earth Magic
 46208 | Shoals:2 | Offered knowledge of Plasma Beam by Vehumet.
 46611 | Shoals:2 | Reached skill level 5 in Necromancy
 46611 | Shoals:2 | Reached skill level 1 in Air Magic
 46929 | Shoals:2 | Found Irenu's CLEARANCE SALE!.
 47128 | Shoals:3 | Reached XP level 17. HP: 100/100 MP: 24/33
 47129 | Shoals:3 | Reached skill level 10 in Fire Magic
 47134 | Shoals:3 | Reached skill level 1 in Hexes
 47716 | Shoals:3 | Noticed a kraken
 47838 | Shoals:3 | Identified the +10 quarterstaff "Guproeti" {elec, Will+
                  | Dex+3 SInv}
 47848 | Shoals:4 | Entered Level 4 of the Shoals
 48126 | Shoals:3 | Learned a level 6 spell: Plasma Beam
 48251 | Shoals:3 | Killed a kraken
 48508 | Shoals:3 | Reached skill level 1 in Summonings
 50180 | Shoals:4 | Paralysed by an air elemental for 1 turns
 52007 | Shoals:4 | Reached ****** piety under Vehumet
 52121 | Shoals:4 | Learned a level 6 spell: Conjure Ball Lightning
 52160 | Shoals:4 | Paralysed by an air elemental for 1 turns
 52497 | Shoals:4 | Reached skill level 5 in Air Magic
 52602 | Shoals:4 | Offered knowledge of Freezing Cloud by Vehumet.
 53419 | Shoals:4 | Noticed a titan
 53432 | Shoals:4 | Killed a titan
 53601 | Shoals:4 | Reached XP level 18. HP: 78/105 MP: 23/34
 53713 | Shoals:4 | Got the Volume of Relocation
 53720 | Shoals:4 | Got a barnacled rune of Zot
 54898 | Spider:3 | Reached skill level 5 in Summonings
 55548 | Spider:3 | Reached skill level 14 in Earth Magic
 57025 | Spider:3 | Offered knowledge of Lee's Rapid Deconstruction by Vehumet.
 57038 | Spider:3 | Learned a level 5 spell: Lee's Rapid Deconstruction
 57943 | Spider:4 | Entered Level 4 of the Spider Nest
 57953 | Spider:4 | Noticed Mara
 59061 | Spider:4 | Noticed ketsa's illusion
 59577 | Vaults:1 | Entered Level 1 of the Vaults
 60438 | Elf:1    | Identified the +6 scale mail "Hustasiv" {-Cast rPois rCorr
                  | Dex+6}
 61378 | Elf:1    | Found a runed translucent gate.
 61378 | Elf:1    | Found a runed translucent gate.
 61378 | Elf:1    | Found a runed translucent gate.
 61378 | Elf:1    | Found a runed translucent gate.
 61378 | Elf:1    | Found a runed translucent gate.
 61379 | Elf:1    | Found a runed translucent gate.
 61446 | Elf:1    | Reached XP level 19. HP: 110/110 MP: 30/36
 62114 | Elf:2    | Found Taunob's Book Shop.
 62118 | Elf:2    | Found Qeddar's Weapon Shop.
 62118 | Elf:2    | Found Azalun's Antique Armour Boutique.
 62381 | Elf:1    | Offered knowledge of Orb of Destruction by Vehumet.
 62655 | Elf:2    | Found Roabowo's Magic Scroll Boutique.
 62740 | Elf:2    | Bought a scroll of teleportation for 42 gold pieces
 62740 | Elf:2    | Bought a scroll of teleportation for 42 gold pieces
 62768 | Elf:2    | Acquired the amulet "Goez" {RegenMP Stlth+}
 62804 | Elf:2    | Reached skill level 15 in Earth Magic
 62990 | Elf:2    | Paralysed by an air elemental for 1 turns
 63035 | Elf:2    | Got Vuokogoc's Quarto of the Mortuary
 63281 | Elf:2    | Found a runed translucent gate.
 63281 | Elf:2    | Found a runed translucent gate.
 63287 | Elf:2    | Found a runed translucent gate.
 63333 | Elf:3    | Entered Level 3 of the Elven Halls
 63354 | Elf:3    | Found Piosm's Book Boutique.
 63516 | Elf:3    | Reached skill level 1 in Translocations
 63674 | Elf:3    | Found a huge runed translucent gate.
 63674 | Elf:3    | Found a huge runed translucent gate.
 63674 | Elf:3    | Found a huge runed translucent gate.
 63674 | Elf:3    | Found a huge runed translucent gate.
 63674 | Elf:3    | Found a huge runed translucent gate.
 63674 | Elf:3    | Found a huge runed translucent gate.
 63674 | Elf:3    | Found a huge runed translucent gate.
 63674 | Elf:3    | Found a huge runed translucent gate.
 63677 | Elf:3    | Identified the +1 double sword "Zykkuc" {flame, Str+5}
 63688 | Elf:3    | Paralysed by an air elemental for 1 turns
 65232 | Vaults:1 | Acquired a staff of conjuration
 66356 | Vaults:1 | Noticed Aizul
 66362 | Vaults:1 | Killed Aizul
 66362 | Vaults:1 | Offered knowledge of Fire Storm by Vehumet.
 66362 | Vaults:1 | Offered knowledge of Chain Lightning by Vehumet.
 66362 | Vaults:1 | Offered knowledge of Maxwell's Capacitive Coupling by
                  | Vehumet.
 66727 | Vaults:1 | Found a huge runed gate.
 66727 | Vaults:1 | Found a huge runed gate.
 66727 | Vaults:1 | Found a huge runed gate.
 66727 | Vaults:1 | Found a huge runed gate.
 66727 | Vaults:1 | Found a huge runed gate.
 66727 | Vaults:1 | Found a huge runed gate.
 66728 | Vaults:1 | Found a huge runed gate.
 66728 | Vaults:1 | Found a huge runed gate.
 66728 | Vaults:1 | Found a huge runed gate.
 66728 | Vaults:1 | Found a huge runed gate.
 66728 | Vaults:1 | Found a huge runed gate.
 66729 | Vaults:1 | Found a huge runed gate.
 66730 | Vaults:1 | Found a huge runed gate.
 66731 | Vaults:1 | Found a huge runed gate.
 66739 | Vaults:1 | Found a huge runed gate.
 66739 | Vaults:1 | Found a huge runed gate.
 66739 | Vaults:1 | Found a huge runed gate.
 66739 | Vaults:1 | Found a huge runed gate.
 66739 | Vaults:1 | Found a huge runed gate.
 66741 | Vaults:1 | Found a huge runed gate.
 66742 | Vaults:1 | Found a huge runed gate.
 66743 | Vaults:1 | Found a huge runed gate.
 66744 | Vaults:1 | Found a huge runed gate.
 66752 | Vaults:1 | Found a huge runed gate.
 66752 | Vaults:1 | Found a huge runed gate.
 66752 | Vaults:1 | Found a huge runed gate.
 66752 | Vaults:1 | Found a huge runed gate.
 66752 | Vaults:1 | Found a huge runed gate.
 66754 | Vaults:1 | Found a huge runed gate.
 66755 | Vaults:1 | Found a huge runed gate.
 66756 | Vaults:1 | Found a huge runed gate.
 66757 | Vaults:1 | Found a huge runed gate.
 66765 | Vaults:1 | Found a huge runed gate.
 66765 | Vaults:1 | Found a huge runed gate.
 66765 | Vaults:1 | Found a huge runed gate.
 66765 | Vaults:1 | Found a huge runed gate.
 66874 | Vaults:1 | Reached XP level 20. HP: 111/115 MP: 24/38
 67116 | Vaults:1 | Identified the +7 great mace of Focus {holy, MP+9}
 67846 | Vaults:1 | Got the Spellbook of Geology and Filth
 68421 | Spider:3 | Killed Mara
 68422 | Spider:3 | Reached skill level 16 in Earth Magic
 68847 | Spider:4 | Found a runed translucent gate.
 68847 | Spider:4 | Found a runed translucent gate.
 68849 | Spider:4 | Found a runed translucent gate.
 68852 | Spider:4 | Noticed Arcadio's ghost (adept MiFi)
 68852 | Spider:4 | Noticed iishen's ghost (adept CeHu)
 68852 | Spider:4 | Noticed Ikly's ghost (journeyman GrFi)
 70054 | D:15     | Identified the +2 leather armour "Juepeul" {Int+4}
 70619 | Elf:3    | Learned a level 2 spell: Blink
 71559 | Elf:3    | Identified the staff of earth "Seokorch" {Fly Dex+3}
 71560 | Elf:3    | Identified the staff of air "Nifrief" {rElec Int+2}
 72507 | Vaults:2 | Reached skill level 15 in Spellcasting
 72982 | Vaults:2 | Reached XP level 21. HP: 111/120 MP: 23/40
 73166 | Vaults:2 | Reached skill level 17 in Earth Magic
 73603 | Vaults:2 | Identified the +0 leather armour of the Circus Animal {rC+
                  | Will+ Int-5}
 73694 | Vaults:2 | Noticed Xtahua
 74028 | Vaults:2 | Noticed Frederick
 74033 | Vaults:2 | Killed Frederick
 74043 | Vaults:2 | Learned a level 8 spell: Lehudib's Crystal Spear
 74664 | D:12     | Identified the staff of poison "Taatsu Kunk" {rPois rN+
                  | Str+5 Int-3}
 74668 | D:12     | Identified the +7 ring mail of Qich {rPois Will+ Str+2
                  | Stlth+}
 74669 | D:12     | Identified the +1 falchion "Hirchuos" {heavy, Str+3}
 74814 | D:6      | Killed Grinder
 74834 | D:6      | Noticed Edmund
 74837 | D:6      | Killed Edmund
 74841 | D:6      | Killed Menkaure
 75304 | D:6      | Noticed Blork the orc
 75305 | D:6      | Noticed Eustachio
 75311 | D:6      | Killed Blork the orc
 75314 | D:6      | Killed Eustachio
 75393 | D:6      | Identified the +6 triple sword of Yfamaynn {drain, rF+
                  | Str+3 Dex+2 Stlth+}
 76115 | Slime:1  | Entered Level 1 of the Pits of Slime
 77044 | Spider:4 | Got a gossamer rune of Zot
 77635 | Elf:2    | Reached skill level 18 in Earth Magic
 77646 | Elf:2    | Noticed Louise
 77655 | Elf:2    | Reached skill level 5 in Staves
 77889 | Elf:2    | Killed Louise
 78075 | Elf:2    | Reached skill level 10 in Fighting
 78441 | Elf:2    | Bought the sphere of Battle for 1920 gold pieces
 78441 | Elf:2    | Found the sphere of Battle
 78744 | Vaults:2 | Killed Xtahua
 78859 | Vaults:2 | Found a staircase to the Crypt.
 78859 | Vaults:2 | Found a basalt altar of Yredelemnul.
 78860 | Vaults:2 | Found an ancient bone altar of Kikubaaqudgha.
 78997 | Crypt:1  | Entered Level 1 of the Crypt
 79462 | Vaults:3 | Found Hustrifa's Book Shop.
 79500 | Vaults:3 | Reached XP level 22. HP: 130/130 MP: 40/42
 80197 | Vaults:4 | Learned a level 2 spell: Passwall
 80487 | Vaults:4 | Found a magical portal.
 80497 | WizLab   | Entered The Hall of the Hellbinder
 80648 | Vaults:4 | Found Vaplijes's Book Shoppe.
 80936 | Vaults:4 | Reached skill level 15 in Fighting
 81237 | Vaults:4 | Noticed Donald
 81239 | Vaults:4 | Killed Donald
 82033 | Depths:1 | Noticed a juggernaut
 82204 | D:15     | Killed a juggernaut
 82360 | Depths:1 | Found an iron altar of Okawaru.
 82410 | Depths:2 | Reached XP level 23. HP: 114/149 MP: 22/43
 82453 | Depths:2 | dumb timed portals.
 82550 | Depths:2 | Identified the +6 ring mail of Piqoar {rF+ Str+2}
 82954 | Depths:1 | Identified the +2 ring mail of Relativism {rPois Int+5}
 83076 | Depths:1 | Identified the +3 buckler of Autotheism {-Tele rC+ Dex+3}
 83238 | Depths:1 | Identified the staff of earth "Hybb" {rC+ rCorr Str-5}
 83238 | Depths:1 | Identified the +0 robe of Skepticism {rPois}
 83711 | Depths:1 | Found a gateway to Hell.
 84563 | Depths:1 | Found the +3 crown of Dyrovepreva {rElec Int+2 SInv}
 84694 | Depths:1 | Identified the +0 hat "Inu Nirgh" {Str+6 Int+6 Dex-4}
 86069 | Depths:3 | Noticed a golden dragon
 86075 | Depths:3 | Killed a golden dragon
 86384 | Depths:3 | Reached XP level 24. HP: 160/160 MP: 34/43
 86457 | Depths:3 | Reached skill level 10 in Dodging
 86499 | Depths:3 | Reached skill level 10 in Stealth
 86499 | Depths:3 | Reached skill level 19 in Earth Magic
 86563 | Depths:3 | Found a one-way gate to the infinite horrors of the Abyss.
 86568 | Depths:3 | Noticed an ancient lich
 86575 | Depths:3 | Killed an ancient lich
 86744 | Depths:3 | Noticed a caustic shrike
 86764 | Depths:3 | Killed a caustic shrike
 87383 | Depths:4 | Entered Level 4 of the Depths
 87386 | Depths:4 | Reached skill level 20 in Earth Magic
 87582 | Depths:4 | Identified the +2 pair of boots "Muot" {Will+ SInv}
 87772 | Depths:4 | Noticed a dread lich
 87783 | Depths:4 | Killed a dread lich
 87972 | Depths:4 | Found a one-way gateway to a ziggurat.
 88066 | Depths:4 | Reached skill level 21 in Earth Magic
 88109 | Depths:4 | Found a gate to the Realm of Zot.
 88373 | Depths:4 | Found a transporter.
 88374 | Depths:4 | Noticed Barug's ghost (adept TrMo)
 88404 | Depths:4 | Found a transporter.
 88405 | Depths:4 | Identified the +5 great mace "Kureeqog" {flame, Fragile
                  | +Blink rN+++}
 88405 | Depths:4 | Identified the ring "Ijuy" {+Blink rElec rPois}
 88406 | Depths:4 | Identified the +7 great mace "Netugul" {heavy, Dex+4}
 88492 | Depths:4 | Found a glowing silver altar of Zin.
 89190 | Crypt:1  | Acquired the ring of Rationality {rF+ rC+ Will+ Str+4}
 89260 | Crypt:1  | Reached skill level 15 in Fire Magic
 89664 | Crypt:1  | Reached XP level 25. HP: 165/165 MP: 25/43
 90486 | Crypt:2  | Noticed an ancient lich
 90495 | Crypt:2  | Killed an ancient lich
 90671 | Crypt:2  | Noticed Mennas
 90870 | Vaults:1 | Learned a level 8 spell: Ignition
 92265 | Slime:3  | Noticed Dissolution
 92271 | Slime:3  | Killed Dissolution
 93229 | Slime:5  | Entered Level 5 of the Pits of Slime
 93420 | Slime:5  | Noticed the Royal Jelly
 93429 | Slime:5  | Killed the Royal Jelly
 93697 | Slime:5  | Reached XP level 26. HP: 172/172 MP: 37/43
 93723 | Slime:5  | Found the +5 glaive of the Guard {elec, spectral, AC+5}
 93726 | Slime:5  | Identified the +11 scimitar "Futolianay" {freeze, rC- Will+
                  | Str+6 SInv}
 93730 | Slime:5  | Got a slimy rune of Zot
 93749 | Slime:5  | Identified the staff of earth "Zeeloenu" {Will+}
 93766 | Slime:5  | Identified the +1 great sword of the Dead {pain, rC++
                  | rCorr}
 93800 | Slime:5  | Identified the +2 whip of the Briny Deep {flame, *Rage rN+
                  | Str+6}
 93816 | Slime:5  | Identified the +5 spear of Cubbuimu {drain, rF+ rN+ Int+3
                  | Dex+4}
 93991 | Slime:5  | Identified the staff of cold "Wimo" {+Blink rF+ rC+ Will+
                  | Int-5}
 93993 | Slime:5  | Identified the +5 arbalest "Lucocat" {antimagic, Drain
                  | rPois Int+3 Stlth+}
 94005 | Slime:5  | Identified the +5 scale mail of the Orange Skies {rN+ Will-
                  | Regen+ SInv}
 94673 | Zot:1    | Entered Level 1 of the Realm of Zot
 95296 | Crypt:3  | Entered Level 3 of the Crypt
 95315 | Crypt:3  | Found a staircase to the Tomb.
 95444 | Crypt:3  | Found a runed translucent gate.
 95444 | Crypt:3  | Found a runed translucent gate.
 95444 | Crypt:3  | Found a runed translucent gate.
 95445 | Crypt:3  | Noticed Kucw's ghost (adept GrFi)
 95510 | Tomb:1   | Entered Level 1 of the Tomb of the Ancients
 95930 | Crypt:3  | Found a huge runed gate.
 95930 | Crypt:3  | Found a huge runed gate.
 95930 | Crypt:3  | Found a huge runed gate.
 95930 | Crypt:3  | Found a huge runed gate.
 95930 | Crypt:3  | Found a huge runed gate.
 95930 | Crypt:3  | Found a huge runed gate.
 95930 | Crypt:3  | Found a huge runed gate.
 95930 | Crypt:3  | Found a huge runed gate.
 95931 | Crypt:3  | Found a huge runed gate.
 95932 | Crypt:3  | Found a huge runed gate.
 95942 | Crypt:3  | Found a huge runed gate.
 95942 | Crypt:3  | Found a huge runed gate.
 95942 | Crypt:3  | Found a huge runed gate.
 95942 | Crypt:3  | Found a huge runed gate.
 95942 | Crypt:3  | Found a huge runed gate.
 95942 | Crypt:3  | Found a huge runed gate.
 95942 | Crypt:3  | Found a huge runed gate.
 95943 | Crypt:3  | Found a huge runed gate.
 95944 | Crypt:3  | Found a huge runed gate.
 96319 | Crypt:3  | Noticed Sojobo
 96321 | Crypt:3  | Killed Sojobo
 96328 | Crypt:3  | Noticed a royal mummy
 96332 | Crypt:3  | Killed a royal mummy
 97281 | Crypt:3  | Found a huge runed gate.
 97281 | Crypt:3  | Found a huge runed gate.
 97281 | Crypt:3  | Found a huge runed gate.
 97282 | Crypt:3  | Found a huge runed gate.
 97283 | Crypt:3  | Found a huge runed gate.
 97284 | Crypt:3  | Found a huge runed gate.
 97285 | Crypt:3  | Found a huge runed gate.
 97286 | Crypt:3  | Found a huge runed gate.
 97287 | Crypt:3  | Found a huge runed gate.
 97297 | Crypt:3  | Found a huge runed gate.
 97297 | Crypt:3  | Found a huge runed gate.
 97297 | Crypt:3  | Found a huge runed gate.
 97297 | Crypt:3  | Found a huge runed gate.
 97297 | Crypt:3  | Found a huge runed gate.
 97297 | Crypt:3  | Found a huge runed gate.
 97298 | Crypt:3  | Found a huge runed gate.
 97310 | Crypt:3  | Found a huge runed gate.
 97451 | Crypt:3  | Noticed an ancient lich
 97451 | Crypt:3  | Noticed a dread lich
 97451 | Crypt:3  | Noticed a dread lich
 97451 | Crypt:3  | Noticed a dread lich
 97466 | Crypt:2  | Killed an ancient lich
 97801 | Crypt:3  | Killed a dread lich
 97803 | Crypt:3  | Killed a dread lich
 97869 | Crypt:3  | Killed a dread lich
 98357 | Zot:1    | Reached skill level 10 in Evocations
 99538 | Zot:1    | Noticed an orb of fire
 99674 | Zot:2    | Reached XP level 27. HP: 165/176 MP: 6/43
100179 | Zot:1    | Found a transporter.
100185 | Zot:1    | Found a transporter.
100186 | Zot:1    | Found a transporter.
100187 | Zot:1    | Found a transporter.
100676 | Zot:1    | Killed an orb of fire
102814 | Zot:3    | Reached skill level 22 in Earth Magic
104097 | Zot:5    | Entered Level 5 of the Realm of Zot
104252 | Zot:4    | Reached skill level 23 in Earth Magic
104504 | Zot:4    | Identified the ring of Winter {Fly rF+ Dex+2}
104552 | Zot:4    | Identified the +4 ring mail "Fenwohit" {rF+ Regen+ rCorr
                  | Dex-2}
104999 | Zot:4    | Identified the +0 plate armour of Rypp {Str+2}
105023 | Zot:4    | Identified the +5 double sword of Lies {speed, rElec Will+
                  | SInv Stlth+}
105953 | Zot:5    | Noticed an orb of fire
105990 | Zot:5    | Noticed an ancient lich
105992 | Zot:5    | Noticed an orb of fire
106035 | Zot:5    | Noticed an orb of fire
106041 | Zot:5    | Gained mutation: You are weak. (Str -2) [an orb of fire]
106042 | Zot:5    | Killed an orb of fire
106162 | Zot:5    | Gained mutation: Your magical capacity is low. (-10% MP)
                  | [an orb of fire]
106163 | Zot:5    | Killed an orb of fire
106168 | Zot:5    | Killed an ancient lich
106227 | Zot:5    | Noticed a dread lich
106231 | Zot:5    | Killed a dread lich
106232 | Zot:5    | Reached skill level 24 in Earth Magic
106235 | Zot:5    | Killed an orb of fire
106322 | Zot:5    | Noticed a dread lich
106327 | Zot:5    | Killed a dread lich
106624 | Zot:5    | Noticed an ancient lich
106627 | Zot:5    | Killed an ancient lich
106847 | Zot:5    | Noticed a dread lich
106857 | Zot:5    | Killed a dread lich
107096 | Zot:5    | Noticed an ancient lich
107100 | Zot:5    | Killed an ancient lich
107209 | Zot:5    | Noticed an ancient lich
107211 | Zot:5    | Killed an ancient lich
107692 | Zot:5    | Got the Orb of Zot
107730 | Zot:5    | Noticed a dread lich
107892 | Zot:1    | Reached skill level 25 in Earth Magic
107938 | Depths:4 | Noticed Vennuz the pandemonium lord
108028 | Depths:2 | Noticed Poamy the pandemonium lord
108432 | D:$      | Escaped with the Orb!

Illustrated notes

***,,,,,,,,* *,,,,,,,*******
,,+,,,,,,,,* *,,,,,,,,,,,,,,
***,,,,>,,,* *,#****,**,,*** *
*,,,,,,,,* *.# *,***,* *
*,,,,,,,,* ####.# *,* *,* *
*,,,,,,,,* ##....# *,* *,* *
*,,,,,,,,* ##≈≈≈#.# *,* *,* *
***+**#+#* #≈.≈.≈.# *,* *,* **
##.###.# #≈≈@≈≈.###**,***,*** ,*
#......####≈.≈.≈.....,,,,,,,,,
,***,,**#......≈≈≈..###.,,,,,,***
,,,,,,* #.#######.### *******,*
.###.,*##.######*.# *,*
.##..,*#.......#*!# *,*
.##.#**#.#####.#*.# *,* .##.#
#..# *,**.# **+*** .##.##.#.#
*,**,* *,,,,,


Turn 82453 on Depths:2: dumb timed portals.

Levels and vault maps discovered:
D:1:      eino_arrival_water_star, layout_basic, serial_glass, glass_columns_b,
          glass_columns_c, chequers_hall_statues_corner_a, solitary_fountain
D:2:      layout_basic
D:3:      layout_loops_corners, gup_sewer_entry_bowl, minmay_misc_feat_five
D:4:      layout_basic, mainiacjoe_overflow_catwalk, serial_shops,
          nicolae_shop_getting_attention
D:5:      layout_basic, amcnicky_altar_gilded, hangedman_decor_slide_cut
D:6:      layout_rooms, sword_in_stone, uniq_eustachio, uniq_grinder,
          uniq_edmund, uniq_menkaure
D:7:      layout_loops_corners, minmay_temple_entry_from_below_a,
          roderic_lattice_a, minmay_quadrilaterals
D:8:      layout_loops_ring, serial_co_window_serial, co_window_corner_a,
          co_window_paths_a, co_window_paths_a, co_window_of_opportunity_a,
          co_window_paths_b, co_window_of_opportunity_a, co_window_broadway_a,
          co_window_2corner, co_window_unsneaky_path_c,
          co_window_of_opportunity_b, co_window_2corner, co_window_broadway_c,
          glass_columns_b, glass_columns_b
D:9:      minmay_chambers_of_sixes, layout_loops_cross
D:10:     layout_roguey, david_lair_shrubbed
D:11:     minmay_tri_box, layout_layer_cave, david_orc_2, nrook_mini_backslash
D:12:     layout_cave_pools, portal_ice_cave_rime,
          minmay_misc_feat_more_columns, minmay_st_funbox, kennysheep_diamond,
          uniq_sonja, uniq_maurice
D:13:     layout_basic, uniq_urug, uniq_erolcha, uniq_lodul
D:14:     layout_small_grid, ximxim_vaults_locker_room, glass_columns_c
D:15:     grunt_enter_depths_magical_seal, layout_gridville,
          amcnicky_mini_rare_corridor_liquid
Temple:   mainiacjoe_temple_cubbyholes
Lair:1:   layout_loops_ring, serial_bayou_shore_b
Lair:2:   layout_gridlike, elwin_shoals_entry_stream, gauntlet_entry_generic,
          grunt_megastairs_2
Lair:3:   layout_regular_city, spider_nest_entry_webs, serial_bayou_shore_a
Lair:4:   layout_loops_ring, slime_entry_2
Lair:5:   minmay_lair_end_enchanted_forest, layout_misc_corridors, st_stairs_12
Shoals:1: layout_shoals, nicolae_shoals_spectral_cove, uniq_roxanne,
          uniq_jorgrun
Shoals:2: layout_shoals, nicolae_shop_clearance, uniq_polyphemus
Shoals:3: layout_shoals
Shoals:4: shoals_end_hellmonk_storm_palace [storm_palace_center_circular,
          storm_palace_corner_pillars, storm_palace_corner_narrow,
          storm_palace_corner_narrow, storm_palace_corner_grid]
Spider:1: layout_spider_delve, nicolae_spider_webs_and_nodes,
          nicolae_spider_nooks_and_crannies, uniq_rupert
Spider:2: layout_spider_delve
Spider:3: layout_chambers, drop_trap, nicolae_spider_not_touching_you,
          hangedman_spider_tarantella_strand
Spider:4: spider_rune_water, gammafunk_ghost_cemetery, uniq_mara
Slime:1:  layout_caves
Slime:2:  layout_caves, nicolae_slime_welcoming_committee
Slime:3:  layout_caves, dissolution_awaits
Slime:4:  layout_caves
Slime:5
Orc:1:    cheibrodos_orc_guarddog, layout_caves, enter_volcano_4,
          statue_in_the_mist_lemuel, nicolae_orc_stony_grotto,
          nicolae_shop_self_help, uniq_erica
Orc:2:    grunt_orc_community_town_hall, layout_caves,
          grunt_orc_community_big_house_2, grunt_orc_community_big_house_2,
          grunt_orc_community_house_3, grunt_orc_community_house_1,
          grunt_orc_community_house_2, grunt_orc_community_house_3,
          grunt_orc_community_house_1
Elf:1:    layout_loops_ring, orc_legates
Elf:2:    nicolae_elf_blades_splatter_lattice [mumra_blade_entry_dagger],
          layout_geoelf_octagon, minmay_elf_necromancy, minmay_shoptagon,
          uniq_louise
Elf:3:    grunt_elf_hall_diamonds, layout_geoelf_castle, serial_shops, shop,
          nicolae_elf_double_double_double_trouble
Vaults:1: nicolae_vaults_little_squares_5, hangedman_vaults_pinch,
          hangedman_vaults_capsules, ontoclasm_vaults_bender, door_vault,
          hangedman_vaults_river_flow, v_misc_10, v_pattern_1,
          ontoclasm_vaults_loading_screen, nicolae_vaults_oval_intersection,
          hangedman_vaults_slice, nicolae_vaults_house_2,
          nicolae_vaults_rhombus_7, vaults_dpeg_diagonal, layout_vaults_omnibox,
          uniq_aizul
Vaults:2: nicolae_vaults_closet_pinwheel_4, nicolae_vaults_murder_corner,
          nicolae_vaults_octothorpe, ontoclasm_vaults_ligature,
          minmay_crypt_entry_necro_gods, v_misc_11, ontoclasm_vaults_ring_small,
          v_misc_5, nicolae_vaults_trapezoid_4, vaults_room_semicircle,
          nicolae_vaults_house_1, vaults_dpeg_emergency_exit,
          nicolae_vaults_tetromino_T_1, vaults_room_fancy_cross,
          layout_vaults_maze_bifur, uniq_xtahua, uniq_frederick
Vaults:3: nicolae_vaults_little_squares_1, v_misc_9, nicolae_vaults_house_2,
          nicolae_vaults_variable_pillar_hall, nicolae_vaults_network_barrier,
          hangedman_vaults_slice, nicolae_vaults_apartment_2,
          nicolae_vaults_tetromino_T_1, layout_vaults_omnigrid, serial_shops,
          shop
Vaults:4: mu_enter_wizlab_1, v_alt_pattern_1, v_misc_11,
          ontoclasm_vaults_decontamination, dpeg_vaults_waves,
          nicolae_vaults_network_s, v_alt_pattern_2,
          nicolae_vaults_shrinking_rooms_1, v_misc_17,
          nicolae_vaults_closet_pinwheel_1, v_misc_4, vaults_mumra_lcd,
          layout_vaults_big_cross, serial_shops, nicolae_book_shop_shelving,
          uniq_donald
Crypt:1:  layout_gridlike
Crypt:2:  layout_misc_corridors, st_shrine_of_skulls, uniq_mennas
Crypt:3:  due_elkab, layout_chaotic_city, ebering_ghost_rock_garden,
          amcnicky_mini_corridor_feature, door_vault, uniq_sojobo
Tomb:1
Depths:1: minmay_the_grid_square_5x5_5x5_mashed
          [minmay_the_grid_square_5x5_misaligned,
          minmay_the_grid_square_5x5_inner_i,
          minmay_the_grid_square_5x5_trominoes,
          minmay_the_grid_square_5x5_checkered, minmay_the_grid_square_5x5_comb,
          minmay_the_grid_square_5x5_detours,
          minmay_the_grid_square_5x5_prize_pseudospiral,
          minmay_the_grid_square_5x5_minivault,
          minmay_the_grid_square_5x5_prize_snowflake,
          minmay_the_grid_square_5x5_shrine1,
          minmay_the_grid_square_5x5_longway, minmay_the_grid_square_5x5_mess,
          minmay_the_grid_square_5x5_prize_open, minmay_the_grid_square_5x5_meh,
          minmay_the_grid_square_5x5_almost_minimal,
          minmay_the_grid_square_5x5_spiral,
          minmay_the_grid_square_5x5_prize_monsterx,
          minmay_the_grid_square_5x5_minibox,
          minmay_the_grid_square_5x5_prize_junk,
          minmay_the_grid_square_5x5_half_checkered,
          minmay_the_grid_square_5x5_inner_v,
          minmay_the_grid_square_5x5_checkered_statues,
          minmay_the_grid_square_5x5_plus, minmay_the_grid_square_5x5_inner_z,
          minmay_the_grid_square_5x5_two_walls_a], layout_cave_pools,
          lemuel_crystal_altar, grunt_metal_band, feat_on_display
Depths:2: dreamdust_cat_pyramid, layout_gridlike,
          chequers_serial_rivers_micro_d, hell_entry, pan_entry, serial_shops,
          bzr_entry_water, grunt_megastairs_5
Depths:3: evilmike_lava_path, layout_cave_pools, chequers_serial_rivers_large_a,
          pf_dread_powers_of_hell, rand_demon_pan_entry_8, abyss_entry,
          minmay_evil_grid
Depths:4: grunt_zot_entry_tricorne, layout_basic, enter_ziggurat_d,
          gammafunk_ghost_smash, lemuel_doored_altar, hell_entry
Zot:1:    layout_cathedral_of_symmetry, nicolae_diode_intersection,
          grunt_megastairs_1
Zot:2:    evilmike_crystal_ball_defense, layout_basic, grunt_megastairs_4
Zot:3:    cheibrodos_zot_enchanting_chambers, layout_gridlike
Zot:4:    layout_misc_corridors, nicolae_rock_paper_scissors
Zot:5:    layout_basic

Skill      XL: |  1  2  3  4  5  6  7  8  9 10 11 12 13 14 15 16 17 18 19 20 21 22 23 24 25 26 27 |
---------------+----------------------------------------------------------------------------------+-----
Transmutations | 1 2 5 6 |  6.1
Earth Magic    | 4 5 6 7 9 10 11 12 13 14 15 16 18 21 25 | 25.1
Spellcasting   | 3 4 5 6 7 9 11 12 13 14 15 16 | 16.7
Conjurations   | 2 5 7 9 10 12 13 15 16 17 18 20 21 22 24 | 24.7
Fighting       | 2 5 6 7 8 9 11 17 19 | 19.0
Armour         | 2 4 5 6 |  6.0
Dodging        | 2 3 5 7 8 9 10 | 10.0
Stealth        | 3 5 6 9 10 | 10.0
Staves         | 2 4 5 |  5.6
Poison Magic   | 5 6 7 8 |  8.0
Evocations     | 5 7 8 11 12 | 12.7
Fire Magic     | 6 9 11 13 14 15 18 20 22 | 22.9
Necromancy     | 1 5 |  5.0
Air Magic      | 1 5 7 |  7.0
Hexes          | 2 |  2.5
Summonings     | 4 5 |  5.4
Translocations | 4 |  4.6

Action                     |  1- 3 |  4- 6 |  7- 9 | 10-12 | 13-15 | 16-18 | 19-21 | 22-24 | 25-27 || total
---------------------------+-------+-------+-------+-------+-------+-------+-------+-------+-------++-------
  Melee: Unarmed           |     4 |       |       |       |       |       |       |       |       ||     4
         Dagger            |       |    25 |    41 |       |       |       |       |       |       ||    66
         Staff             |       |       |     1 |    13 |    55 |    32 |     6 |     9 |    11 ||   127
         Punch             |       |       |       |       |       |     2 |       |       |       ||     2
         Quarterstaff      |       |       |       |       |       |    24 |    18 |       |       ||    42
  Throw: Stone             |       |     9 |    20 |     2 |       |       |       |       |       ||    31
         Dart              |       |       |       |    17 |     1 |       |       |       |       ||    18
         Boomerang         |       |       |       |    11 |    11 |     5 |       |       |       ||    27
   Cast: Sandblast         |    47 |   129 |    87 |    46 |   189 |   218 |    82 |    16 |    22 ||   836
         Stone Arrow       |       |       |    73 |   261 |   174 |    11 |       |       |       ||   519
         Olgreb's Toxic Ra |       |       |       |    25 |   102 |    14 |     4 |     1 |       ||   146
         Iskenderun's Batt |       |       |       |       |    71 |   137 |    61 |    35 |       ||   304
         Iron Shot         |       |       |       |       |   154 |   432 |   200 |   269 |   534 ||  1589
         Starburst         |       |       |       |       |     4 |     7 |     6 |     7 |     6 ||    30
         Mephitic Cloud    |       |       |       |       |       |    19 |       |       |       ||    19
         Plasma Beam       |       |       |       |       |       |    18 |    35 |    55 |    25 ||   133
         Conjure Ball Ligh |       |       |       |       |       |    19 |     5 |     1 |     1 ||    26
         Lee's Rapid Decon |       |       |       |       |       |    14 |   412 |   323 |   250 ||   999
         Blink             |       |       |       |       |       |       |     4 |     2 |     1 ||     7
         Lehudib's Crystal |       |       |       |       |       |       |     5 |       |    27 ||    32
         Passwall          |       |       |       |       |       |       |       |     2 |     5 ||     7
         Ignition          |       |       |       |       |       |       |       |       |    39 ||    39
  Evoke: Wand              |       |       |       |       |     2 |    13 |     3 |       |     4 ||    22
         Phantom mirror    |       |       |       |       |       |       |     2 |       |       ||     2
         Tin of tremorston |       |       |       |       |       |       |     1 |       |       ||     1
    Use: Scroll            |       |     2 |     3 |    23 |    10 |    16 |    11 |     2 |    12 ||    79
         Potion            |       |       |     1 |       |     2 |     8 |     9 |     1 |     6 ||    27
   Stab: Distracted        |       |       |     1 |       |       |       |       |       |       ||     1
         Sleeping          |       |       |       |       |       |       |       |     1 |       ||     1
 Armour: Robe              |     9 |    22 |    34 |     6 |       |       |       |       |       ||    71
         Steam dragon scal |       |       |       |    37 |   225 |   359 |   176 |   106 |   139 ||  1042
  Dodge: Dodged            |     3 |    48 |    62 |    77 |   330 |   362 |   208 |   123 |   152 ||  1365
  Block: Other             |       |       |       |       |       |   105 |     9 |       |       ||   114
         Reflection        |       |       |       |       |       |    13 |       |       |       ||    13
